 Dungeon Crawl Stone Soup version 0.28.0 (webtiles) character file.

Game seed: 3651749641053164516

83 browni3141 the Chopper (level 4, 0/41 HPs)
             Began as a Minotaur Berserker on Feb 18, 2022.
             Was a Believer of Trog.
             Slain by an orc (3 damage)
             ... on level 3 of the Dungeon.
             The game lasted 00:01:05 (2342 turns).

browni3141 the Chopper (Minotaur Berserker)         Turns: 2342, Time: 00:01:06

Health: 0/41       AC:  7    Str: 26    XL:     4   Next: 22%
Magic:  3/3        EV: 11    Int:  4    God:    Trog [**....]
Gold:   112        SH:  0    Dex: 10    Spells: 3/3 levels left

rFire   . . .      SeeInvis .   a - +0 hand axe
rCold   + . .      Faith    .   (no shield)
rNeg    . . .      Spirit   .   h - +1 ring mail "Werch" {rC+ Str+3}
rPois   .          Reflect  .   (helmet restricted)
rElec   .          Harm     .   k - +0 cloak
rCorr   .          Rampage  .   (no gloves)
Will    ++...                   (no boots)
Stlth   ..........              (no amulet)
HPRegen 1.13/turn               (no ring)
MPRegen 0.08/turn               (no ring)

@: strong-willed, regenerating
A: horns 2, retaliatory headbutt
a: Renounce Religion, Berserk, Trog's Hand


You were on level 3 of the Dungeon.
You worshipped Trog.
Trog was pleased with you.
You visited 1 branch of the dungeon, and saw 3 of its levels.

You collected 112 gold pieces.


Innate Abilities, Weirdness & Mutations

You have a pair of horns on your head.
You reflexively headbutt those who attack you in melee.


   Skills:
 + Level 4.3 Fighting
 * Level 5.1 Axes
 + Level 3.4 Armour
 - Level 2.1 Dodging


You had 3 spell levels left.
You didn't know any spells.
Your spell library was empty.

Inventory:

Hand Weapons
 a - a +0 hand axe (weapon)
Armour
 b - a +0 animal skin
 h - the +1 ring mail "Werch" (worn) {rC+ Str+3}
   (You found it on level 2 of the Dungeon)

   Str:       It affects your strength (+3).
   rC:        It protects you from cold.
 k - a +0 cloak (worn)
Scrolls
 g - a scroll of fog {unknown}
 m - a scroll of vulnerability {unknown}
Potions
 c - 3 potions of curing {unknown}
 d - a potion of brilliance {unknown}
 e - a potion of heal wounds {unknown}
 f - a potion of attraction {unknown}
 i - 2 potions of invisibility {unknown}
 j - 2 potions of magic {unknown}
 l - 2 potions of berserk rage {unknown}

Dungeon Overview and Level Annotations

Branches:
Dungeon (3/15)

Altars:

Annotations:
D:3 Grinder

#.................
#.........########
#.........# #####
################ #...#
.......... ...####.#.#
......... ...........
#....## #.###..#.#
#5..#####.# #..#.#
#@#.......###..#.#
.....ooo#.#####........#
......oo#..# #.###..###
........#..# #....#
......?.#..## #.#.####
..###'#.#...# #.#..... .
....#.#.## .#.#.....
##.###.#..##.#.#.....
#.............#.....


You could see Grinder, an orc priest and 4 orcs.


Message History

The orc priest begins to cast a cantrip, but forgets the words!
You fail to use your ability.
The orc hits you but does no damage. x2
Grinder gestures at you.
You suddenly lose the ability to move!
The orc hits you but does no damage. The orc hits you but does no damage.
The orc hits you from afar with a +0 trident.
Grinder gestures at you. Pain shoots through your body!
The orc hits you but does no damage. The orc hits you with a +0 mace.
The orc hits you from afar with a +0 trident.
The orc hits you but does no damage. The orc hits you with a +0 mace.
Grinder hits you but does no damage. The orc completely misses you.
The orc hits you with a +0 hand axe. The orc hits you with a +0 mace!
* * * LOW HITPOINT WARNING * * *
Grinder hits you but does no damage. The orc hits you but does no damage.
The orc hits you with a +0 hand axe.
* * * LOW HITPOINT WARNING * * *
You can move again.
Unknown command.
Unknown command.
Unknown command.
Your skin crawls.
You feel strong-willed. The orc hits you with a +0 mace.
* * * LOW HITPOINT WARNING * * *
Grinder hits you!
* * * LOW HITPOINT WARNING * * *
The orc hits you from afar with a +0 trident.
You die...

Skill      XL: |  1  2  3  4 |
---------------+-------------+-----
Axes           | 4 5 |  5.1
Fighting       | 4 |  4.3
Armour         | 3 |  3.4
Dodging        | |  2.1

Action                   |  1- 3 |  4- 6 || total
-------------------------+-------+-------++-------
Melee: Hand axe          |    75 |    15 ||    90
       Headbutt          |     7 |     1 ||     8
Invok: Berserk           |     1 |       ||     1
       Trog's Hand       |       |     1 ||     1
Armor: Animal skin       |    12 |       ||    12
       Ring mail         |     9 |    17 ||    26
Dodge: Dodged            |    42 |    10 ||    52

Levels and vault maps discovered:
D:1:      lightli_arrival_statue_moat, layout_basic
D:2:      layout_basic, corexii_item_surrounded_by_moat,
          minmay_misc_feat_encased, guppyfry_early_orc_mine
D:3:      layout_basic, serial_shops, shop_fountains,
          hellmonk_ecumenical_altar_crossroads, uniq_grinder

Notes
Turn   | Place    | Note
-------+----------+-------------------------------------------
     0 | D:1      | browni3141 the Minotaur Berserker began the quest for the
                  | Orb.
     0 | D:1      | Reached XP level 1. HP: 19/19 MP: 0/0
   231 | D:1      | Reached skill level 4 in Axes
   231 | D:1      | Reached XP level 2. HP: 27/27 MP: 1/1
   795 | D:2      | Reached skill level 4 in Fighting
   845 | D:2      | Reached skill level 3 in Armour
   845 | D:2      | Reached XP level 3. HP: 32/33 MP: 2/2
   845 | D:2      | Reached ** piety under Trog
  1244 | D:2      | Identified the +1 ring mail "Werch" {rC+ Str+3}
  1816 | D:2      | Reached XP level 4. HP: 40/40 MP: 3/3
  1992 | D:2      | Reached skill level 5 in Axes
  2332 | D:3      | Noticed Grinder
  2337 | D:3      | Paralysed by Grinder for 5 turns
  2342 | D:3      | HP: 3/41 [Grinder (7)]
  2342 | D:3      | Slain by an orc

Vanquished Creatures
  2 adders
  2 worms (D:2)
  4 dart slugs
  3 orcs (D:2)
  3 ball pythons (D:1)
  A bat (D:2)
  An endoplasm (D:1)
  3 giant cockroaches
  8 goblins
  4 hobgoblins (D:2)
  2 quokkas (D:1)
  3 frilled lizards
  6 kobolds
  2 rats (D:3)
44 creatures vanquished.

Table legend: (Time is in decaauts)
 A = Elapsed time spent in this place.
 B = Non-inter-level travel time spent in this place.
 C = Inter-level travel time spent in this place.
 D = Time resting spent in this place.
 E = Time spent auto-exploring this place.
 F = Levels seen in this place.
 G = Mean time per level.
                   A        B        C        D        E       F      G
               +--------+--------+--------+--------+--------+-----+--------+
         Total |   2355 |   2332 |     23 |    165 |   1852 |   3 |  785.0 |
       Dungeon |   2355 |   2332 |     23 |    165 |   1852 |   3 |  785.0 |
               +--------+--------+--------+--------+--------+-----+--------+

Top non-repeatable levels by time:
     D:2: 1252 daAuts
     D:1: 792 daAuts
     D:3: 311 daAuts

Table legend:
 A = Non-vault XP
 B = Vault XP
 C = Vault XP percentage of total XP
 D = Non-vault monster count
 E = Vault monster count
 F = Vault count percentage of total count
                 A         B        C        D         E       F
            +---------+---------+-------+---------+---------+-------
      Total |     102 |      17 |  14.3 |      37 |       7 |  15.9
            +---------+---------+-------+---------+---------+-------
        D:1 |      28 |       0 |   0.0 |      15 |       0 |   0.0
        D:2 |      58 |      17 |  22.7 |      18 |       7 |  28.0
        D:3 |      16 |       0 |   0.0 |       4 |       0 |   0.0
            +---------+---------+-------+---------+---------+-------
